 Dungeon Crawl Stone Soup version 0.28-a0-1447-ga5a8893891 (webtiles) character file.

Game seed: 555254015749115292

26 shadowrider38 the Skirmisher (level 3, 0/39 HPs)
             Began as an Ogre Transmuter on Jan 10, 2022.
             Succumbed to an adder's poison
             ... on level 2 of the Dungeon.
             The game lasted 00:02:34 (1733 turns).

shadowrider38 the Skirmisher (Ogre Transmuter)      Turns: 1733, Time: 00:02:34

Health: 0/39       AC:  3    Str: 14    XL:     3   Next: 8%
Magic:  5/7        EV:  9    Int: 18    God:
Gold:   63         SH:  0    Dex:  9    Spells: 5/6 levels left

rFire   . . .      SeeInvis .     - Unarmed
rCold   . . .      Faith    .   (no shield)
rNeg    . . .      Spirit   .   a - +0 robe
rPois   .          Reflect  .   (helmet currently unavailable)
rElec   .          Harm     .   (no cloak)
rCorr   .          Rampage  .   (gloves unavailable)
Will    .....                   (boots unavailable)
Stlth   +.........              (no amulet)
HPRegen 0.13/turn               c - ring of wizardry
MPRegen 0.10/turn               (no ring)

@: lethally poisoned (0 -> -8), appendages
A: horns 2, talons 2, large, unfitting armour, tough skin 1, clever 1, high mp 1
a: End Transformation


You were on level 2 of the Dungeon.
You had temporarily grown beastly horns and talons.
You visited 1 branch of the dungeon, and saw 2 of its levels.

You collected 63 gold pieces.

Inventory:

Missiles
 f - 58 stones
Armour
 a - a +0 robe (worn)
Jewellery
 c - a ring of wizardry (left hand)
Scrolls
 d - a scroll of noise {unknown}
 e - a scroll of magic mapping {unknown}
Potions
 b - a potion of mutation


   Skills:
 - Level 4.0 Fighting
 - Level 1.7 Dodging
 - Level 2.6 Unarmed Combat
 - Level 2.4 Spellcasting
 + Level 1.7 Transmutations


You had 5 spell levels left.
You knew the following spells:

 Your Spells              Type           Power      Damage    Failure   Level
a - Beastly Appendage     Tmut           16%        N/A       3%          1

Your spell library contained the following spells:

 Spells                   Type           Power      Damage    Failure   Level
 Wereblood                Tmut           8%         N/A       5%          2
 Freeze                   Ice            8%         1d3       7%          1
 Blink                    Tloc           4%         N/A       11%         2
 Spider Form              Tmut/Pois      5%         N/A       16%         3
 Frozen Ramparts          Ice            4%         1d2       21%         3
 Ice Form                 Ice/Tmut       5%         N/A       43%         4
 Hailstorm                Conj/Ice       2%         3d3       52%         4
 Manifold Assault         Tloc           2%         N/A       86%         5
 Storm Form               Tmut/Air       2%         N/A       100%        7


Dungeon Overview and Level Annotations

Branches:
Dungeon (2/15)

Altars:


Innate Abilities, Weirdness & Mutations

You have temporarily grown beastly horns and talons.
You are too large for most types of armour.
You have tough skin. (AC +1)
Your mind is acute. (Int +2)
You have an increased reservoir of magic. (+10% MP)


Message History

The adder poisons you!
You barely miss the adder.
You feel sick. The adder bites you.
You are more poisoned.
The adder poisons you! The adder bites you.
You are more poisoned.
The adder poisons you!
You hit the adder.
The adder is lightly wounded.
You feel very sick. The adder bites you.
You are too injured to fight recklessly!
Casting: Beastly Appendage (safe; 4% risk of failure)
Press: ? - help, Q - select action, (/) - cycle Dir - look around, f - activate You grow a pair of large bovine horns.
Your feet morph into talons.
You feel very sick. The adder bites you.
You are lethally poisoned!
The adder poisons you!
You miss the adder.
The adder is lightly wounded.
* * * LOW HITPOINT WARNING * * *
You feel very sick. The adder misses you.
You hit the adder. Your kick misses the adder.
The adder is heavily wounded.
* * * LOW HITPOINT WARNING * * *
You feel very sick. The adder bites you but does no damage.
The adder barely misses you.
You hit the adder but do no damage.
The adder is heavily wounded.
* * * LOW HITPOINT WARNING * * *
You feel sick. The adder bites you but does no damage.
It was a potion of mutation.
You feel extremely strange.
You feel clever.
You feel more energetic.
* * * LOW HITPOINT WARNING * * *
You feel sick. The adder bites you.
* * * LOW HITPOINT WARNING * * *
You hit the adder. Your kick misses the adder.
The adder is severely wounded.
You die...

#. #. #. ##### #.
#...######## #.
#.#........# #.
#.########.#
#.###.#####.#####....#
#....S@..............##
#####....†...###.....)#
#######.>...###.#..
#.####.##...# #.#
##.#..## #.# ##.#.# ###
#.# #.#.# ..## #.#
#....# ...#. #.# #.....


You could see an adder.

Vanquished Creatures
  A dart slug (D:1)
  2 orcs
  2 ball pythons
  2 endoplasms (D:1)
  4 goblins
  2 kobolds (D:1)
  3 bats
  4 rats
20 creatures vanquished.

Notes
Turn   | Place    | Note
-------+----------+-------------------------------------------
     0 | D:1      | shadowrider38 the Ogre Transmuter began the quest for the
                  | Orb.
     0 | D:1      | Reached XP level 1. HP: 19/19 MP: 3/3
    37 | D:1      | Reached skill level 2 in Fighting
   106 | D:1      | Found a faded altar of an unknown god.
   449 | D:1      | Reached XP level 2. HP: 28/29 MP: 3/5
   511 | D:1      | Reached skill level 3 in Fighting
  1596 | D:2      | Reached XP level 3. HP: 38/39 MP: 4/6
  1699 | D:2      | Reached skill level 4 in Fighting
  1732 | D:2      | Gained mutation: Your mind is acute. (Int +2) [potion of
                  | mutation]
  1732 | D:2      | Gained mutation: You have an increased reservoir of magic.
                  | (+10% MP) [potion of mutation]
  1732 | D:2      | HP: 1/39 [adder (2)]
  1733 | D:2      | Succumbed to an adder's poison

Illustrated notes

Levels and vault maps discovered:
D:1:      nzn_arrival_crosshair, layout_basic, shapermc_ecumenical_altar_pompeii
D:2:      layout_loops_ring, basic_altar

Skill      XL: |  1  2  3 |
---------------+----------+-----
Fighting       | 2 3 4 |  4.0
Dodging        | |  1.7
Unarmed Combat | |  2.6
Spellcasting   | |  2.4
Transmutations | |  1.7

Action                   || total
-------------------------++-------
Melee: Unarmed           ||    83
       Kick              ||     4
       Headbutt          ||     3
       Punch             ||     1
 Cast: Beastly Appendage ||    10
  Use: Potion            ||     1
Armor: Robe              ||    22
Dodge: Dodged            ||    42

Table legend: (Time is in decaauts)
 A = Elapsed time spent in this place.
 B = Non-inter-level travel time spent in this place.
 C = Inter-level travel time spent in this place.
 D = Time resting spent in this place.
 E = Time spent auto-exploring this place.
 F = Levels seen in this place.
 G = Mean time per level.
                   A        B        C        D        E       F      G
               +--------+--------+--------+--------+--------+-----+--------+
         Total |   1729 |   1686 |     43 |    675 |    764 |   2 |  864.5 |
       Dungeon |   1729 |   1686 |     43 |    675 |    764 |   2 |  864.5 |
               +--------+--------+--------+--------+--------+-----+--------+

Top non-repeatable levels by time:
     D:1: 1510 daAuts
     D:2: 219 daAuts
